Carnivores vs Thunder
Created - 10 février 2014 at 19:18
Goals
|
| Carnivores |
3 |
0 |
0 |
3 |
| Thunder |
2 |
0 |
2 |
4 |
|
Shots
|
| Carnivores |
10 |
5 |
15 |
30 |
| Thunder |
13 |
3 |
17 |
33 |
|
1st period
1. Carnivores , Tim Conboy 16 (Manny Malhotra, Blake Geoffrion) at 1:02 (PP)
2. Thunder , Jason Blake 23 (Alexei Semenov) at 6:26
3. Carnivores , Jeff Tambellini 38 (Andy Miele, Anton Gustafsson) at 10:27 (PP)
4. Thunder , Samuel Pahlsson 34 (Jason Blake, Matt D'Agostini) at 10:37
5. Carnivores , Andy Miele 15 (Jeff Tambellini) at 10:45
Penalties :
Jeff Finger (TRO) for Tripping (Minor) at 0:27, Daultan Leveillé (TRO) for Hooking (Minor) at 10:11
2nd period
No Goal
Penalties :
Matt D'Agostini (TRO) for Hooking (Minor) at 0:26, Jeff Tambellini (Bre) for Roughing (Minor) at 6:56, Jordie Benn (Bre) for Cross-checking (Minor) at 10:36, Samuel Pahlsson (TRO) for Hooking (Minor) at 16:00
3rd period
6. Thunder , Jason Blake 24 (Samuel Pahlsson, Alexei Semenov) at 2:00 (PP)
7. Thunder , Daniel Winnik 20 (Jeff Finger, Scott Parse) at 15:56
Penalties :
Evgeny Grachev (Bre) for High sticking (Minor) at 0:36, Robin Leblanc (TRO) for Roughing (Minor) at 7:41, Derek Peltier (TRO) for Slashing (Minor) at 12:39, Robin Leblanc (TRO) for Holding (Minor) at 17:31
Goalie Stats
Corey Crawford (Bre), 29 saves from 33 shots - (0,879), L, 13-10-2, 59:54 minutes
Ben Bishop (TRO), 27 saves from 30 shots - (0,900), W, 6-10-2, 60:00 minutes
Players Stats for Carnivores
Player Name G A P +/- PIM S H SB GA TA FO MP PP MP PK MP
------------------------------------------------------------------------------------
Andrew Ference 0 0 0 -2 0 2 2 1 0 0 0/0 25:41 5:52 2:58
Andy Miele 1 1 2 -1 0 6 3 0 0 0 4/6 21:24 5:49 1:17
Anton Gustafsson 0 1 1 0 0 1 2 0 0 0 3/13 15:36 5:42 3:04
Billy Sweat 0 0 0 -1 0 0 0 1 0 0 0/0 11:37 0:13 0:48
Blake Geoffrion 0 1 1 0 0 1 2 1 1 0 0/0 18:25 4:26 1:14
Bobby Sanguinetti 0 0 0 0 0 0 0 1 0 0 0/0 11:53 0:24 0:00
Cal O'Reilly 0 0 0 -1 0 0 2 0 1 0 1/3 11:56 0:56 0:52
Chris Butler 0 0 0 0 0 0 0 0 1 0 0/0 8:09 0:00 0:00
Chris Lawrence 0 0 0 -1 0 1 1 1 0 1 0/0 8:57 0:15 0:00
David Schlemko 0 0 0 0 0 0 0 0 0 0 0/0 6:26 0:00 0:00
Evgeny Grachev 0 0 0 -1 2 2 1 0 0 0 6/21 14:33 0:00 0:00
Jeff Tambellini 1 1 2 -1 2 4 3 0 1 0 0/1 22:30 5:57 1:54
Jeremy Welsh 0 0 0 0 0 1 1 0 0 0 0/0 6:17 0:00 0:09
Jordie Benn 0 0 0 0 2 0 0 0 0 0 0/0 6:50 0:00 0:00
Josef Melichar 0 0 0 -1 0 1 0 0 1 1 0/0 20:13 6:16 2:58
Keith Aulie 0 0 0 -1 0 1 2 1 0 1 0/0 21:52 4:30 2:24
Manny Malhotra 0 1 1 0 0 3 2 0 0 0 0/1 16:47 4:18 0:09
Matt Cullen 0 0 0 0 0 1 0 0 0 0 1/5 12:16 0:00 0:00
Phil Oreskovic 0 0 0 0 0 1 0 0 1 1 0/0 19:20 4:30 2:24
Tim Conboy 1 0 1 0 0 5 2 2 0 0 0/0 13:53 4:42 1:17
Players Stats for Thunder
Player Name G A P +/- PIM S H SB GA TA FO MP PP MP PK MP
------------------------------------------------------------------------------------
Alexei Semenov 0 2 2 1 0 2 3 3 1 0 0/0 27:06 3:26 6:24
Brandon Mashinter 0 0 0 0 0 0 1 0 0 0 1/1 9:32 0:00 0:00
Brett Festerling 0 0 0 0 0 0 1 0 0 3 0/0 12:25 0:00 0:47
Daniel Winnik 1 0 1 1 0 1 0 0 0 0 0/0 11:28 0:00 2:01
Dany Roussin 0 0 0 0 0 0 1 1 0 0 0/0 14:30 2:16 0:17
Daultan Leveillé 0 0 0 0 2 1 1 0 0 0 0/0 7:49 0:00 0:24
Derek Peltier 0 0 0 1 2 1 2 2 1 0 0/0 20:47 1:56 3:35
Doug Janik 0 0 0 1 0 2 3 3 1 0 0/0 27:09 3:26 6:08
Jannik Hansen 0 0 0 0 0 2 0 0 0 0 0/1 7:34 0:00 0:00
Jason Blake 2 1 3 1 0 7 0 0 1 1 0/0 22:32 3:06 6:01
Jeff Finger 0 1 1 1 2 1 3 3 0 1 0/0 20:49 1:56 4:38
Joey Crabb 0 0 0 0 0 0 2 0 0 0 1/1 13:29 2:16 0:00
Matt D'Agostini 0 1 1 1 2 3 2 1 0 0 1/2 19:00 3:06 1:51
Ray Macias 0 0 0 1 0 1 0 2 0 0 0/0 11:52 0:00 0:00
Robin Leblanc 0 0 0 0 4 3 0 0 0 1 0/0 10:09 0:00 0:00
Samuel Pahlsson 1 1 2 1 2 4 2 1 0 0 27/36 21:51 3:06 5:02
Scott Parse 0 1 1 1 0 2 0 1 0 0 1/1 13:05 0:00 2:15
Tom Pyatt 0 0 0 0 0 3 2 0 0 0 4/8 18:00 2:16 3:41
3 Stars
1 - Jason Blake (TRO)
2 - Alexei Semenov (TRO)
3 - Samuel Pahlsson (TRO)
Power Play
Carnivores - 2 on 7 Attempt(s) - 28,57%
Thunder - 1 on 3 Attempt(s) - 33,33%
Penalty Kill
Carnivores - 2 on 3 Attempt(s) - 66,67%
- Score 0 goal in Penalty Kill
Thunder - 5 on 7 Attempt(s) - 71,43%
- Score 0 goal in Penalty Kill
Official
Referees : Walsh Ian and Sutherland Kelly
Linesman : Tim Nowak and Derek Amell
Game Notes
No Game Note
Finance
Level 1 -- Attendance: 1565 (78,25%) -- Ticket Income 54 775 $
Level 2 -- Attendance: 733 (73,30%) -- Ticket Income 10 995 $
Total Attendance: 2298 (76,60%)
Total Ticket Income: 65 770 $
Other Income: 3 288 $
Total Income: 69 058 $
Carnivores
5 vs 5 Forward
Center Left Wing Right Wing Time % Phy DF OF
1 Evgeny Grachev Jeff Tambellini Andy Miele 40 0 2 2
2 Matt Cullen Blake Geoffrion Manny Malhotra 30 1 2 2
3 Cal O'Reilly Billy Sweat Tim Conboy 20 1 2 2
4 Anton Gustafsson Jeremy Welsh Chris Lawrence 10 1 2 2
5 vs 5 Defense
Defense Defense Time % Phy DF OF
1 Keith Aulie Andrew Ference 40 1 2 2
2 Bobby Sanguinetti Phil Oreskovic 30 1 2 2
3 Chris Butler Josef Melichar 20 1 2 2
4 David Schlemko Jordie Benn 10 1 2 2
PowerPlay Forward
Center Left Wing Right Wing Time % Phy DF OF
1 Anton Gustafsson Jeff Tambellini Andy Miele 60 1 2 2
2 Manny Malhotra Blake Geoffrion Tim Conboy 40 1 2 2
PowerPlay Defense
Defense Defense Time % Phy DF OF
1 Andrew Ference Josef Melichar 60 1 2 2
2 Keith Aulie Phil Oreskovic 40 1 2 2
Penalty Kill 4 Players Forward
Center Wing Time % Phy DF OF
1 Anton Gustafsson Jeff Tambellini 60 1 2 2
2 Andy Miele Tim Conboy 40 1 2 2
Penalty Kill 4 Players Defense
Defense Defense Time % Phy DF OF
1 Andrew Ference Josef Melichar 60 1 2 2
2 Keith Aulie Phil Oreskovic 40 1 2 2
Penalty Kill - 3 Players Forward
Forward Time % Phy DF OF
1 Jeff Tambellini 60 1 2 2
2 Matt Cullen 40 1 2 2
Penalty Kill - 3 Players Defense
Defense Defense Time % Phy DF OF
1 Andrew Ference Josef Melichar 60 1 2 2
2 Keith Aulie Phil Oreskovic 40 1 2 2
4 vs 4 Forward
Center Wing Time % Phy DF OF
1 Anton Gustafsson Jeff Tambellini 60 1 2 2
2 Andy Miele Tim Conboy 40 1 2 2
4 vs 4 Defense
Defense Defense Time % Phy DF OF
1 Andrew Ference Josef Melichar 60 1 2 2
2 Keith Aulie Phil Oreskovic 40 1 2 2
Last Minutes Offensive
Center Left Wing Right Wing Defense Defense
Evgeny Grachev Jeff Tambellini Andy Miele Andrew Ference Josef Melichar
Last Minutes Defensive
Center Left Wing Right Wing Defense Defense
Evgeny Grachev Jeff Tambellini Andy Miele Andrew Ference Josef Melichar
Goaltenders
Starting : Corey Crawford
Backup : Steve Mason
Extra Forwards
Normal : Tim Conboy, Cal O'Reilly, Anton Gustafsson - PP : Tim Conboy, Cal O'Reilly - PK : Jeff Tambellini
Extra Defensemen
Normal : Bobby Sanguinetti, Chris Butler, David Schlemko - PP : Bobby Sanguinetti - PK : Chris Butler, David Schlemko
Penalty Shots
Jeff Tambellini, Anton Gustafsson, Andy Miele, Tim Conboy, Evgeny Grachev
Thunder
5 vs 5 Forward
Center Left Wing Right Wing Time % Phy DF OF
1 Samuel Pahlsson Jason Blake Matt D'Agostini 40 1 2 2
2 Tom Pyatt Dany Roussin Joey Crabb 30 1 2 2
3 Brandon Mashinter Scott Parse Robin Leblanc 20 1 2 2
4 Daultan Leveillé Daniel Winnik Jannik Hansen 10 1 2 2
5 vs 5 Defense
Defense Defense Time % Phy DF OF
1 Alexei Semenov Doug Janik 40 1 2 2
2 Jeff Finger Derek Peltier 30 1 2 2
3 Ray Macias Brett Festerling 20 1 2 2
4 Alexei Semenov Doug Janik 10 1 2 2
PowerPlay Forward
Center Left Wing Right Wing Time % Phy DF OF
1 Samuel Pahlsson Jason Blake Matt D'Agostini 60 1 2 2
2 Tom Pyatt Dany Roussin Joey Crabb 40 1 2 2
PowerPlay Defense
Defense Defense Time % Phy DF OF
1 Alexei Semenov Doug Janik 60 1 2 2
2 Jeff Finger Derek Peltier 40 1 2 2
Penalty Kill 4 Players Forward
Center Wing Time % Phy DF OF
1 Samuel Pahlsson Jason Blake 60 1 2 2
2 Tom Pyatt Matt D'Agostini 40 1 2 2
Penalty Kill 4 Players Defense
Defense Defense Time % Phy DF OF
1 Alexei Semenov Doug Janik 60 1 2 2
2 Jeff Finger Derek Peltier 40 1 2 2
Penalty Kill - 3 Players Forward
Forward Time % Phy DF OF
1 Jason Blake 60 1 2 2
2 Samuel Pahlsson 40 1 2 2
Penalty Kill - 3 Players Defense
Defense Defense Time % Phy DF OF
1 Alexei Semenov Doug Janik 60 1 2 2
2 Jeff Finger Derek Peltier 40 1 2 2
4 vs 4 Forward
Center Wing Time % Phy DF OF
1 Samuel Pahlsson Matt D'Agostini 60 1 2 2
2 Tom Pyatt Jason Blake 40 1 2 2
4 vs 4 Defense
Defense Defense Time % Phy DF OF
1 Alexei Semenov Doug Janik 60 1 2 2
2 Jeff Finger Derek Peltier 40 1 2 2
Last Minutes Offensive
Center Left Wing Right Wing Defense Defense
Samuel Pahlsson Jason Blake Matt D'Agostini Alexei Semenov Doug Janik
Last Minutes Defensive
Center Left Wing Right Wing Defense Defense
Samuel Pahlsson Jason Blake Matt D'Agostini Alexei Semenov Doug Janik
Goaltenders
Starting : Ben Bishop
Backup : Barry Brust
Extra Forwards
Normal : Daniel Winnik, Robin Leblanc, Jannik Hansen - PP : Daniel Winnik, Robin Leblanc - PK : Scott Parse
Extra Defensemen
Normal : Ray Macias, Brett Festerling, Jeff Finger - PP : Ray Macias - PK : Brett Festerling, Jeff Finger
Penalty Shots
Matt D'Agostini, Samuel Pahlsson, Dany Roussin, Scott Parse, Daniel Winnik
% Time on Ice - Carnivores
Lines # - Real PCT - Wanted PCT - Time Play
Normal Forward
1 - 35% - 40% - 15:05
2 - 29% - 30% - 12:43
3 - 22% - 20% - 9:28
4 - 14% - 10% - 6:08
Normal Defense
1 - 38% - 40% - 16:23
2 - 29% - 30% - 12:26
3 - 19% - 20% - 8:09
4 - 15% - 10% - 6:26
PP Forward
1 - 56% - 60% - 6:03
2 - 44% - 40% - 4:43
PP Defense
1 - 58% - 60% - 6:16
2 - 42% - 40% - 4:30
PK Forward
1 - 76% - 60% - 4:05
2 - 24% - 40% - 1:17
PK Defense
1 - 55% - 60% - 2:58
2 - 45% - 40% - 2:24
PK3 Forward
1 - 0% - 60%
2 - 0% - 40%
PK3 Defense
1 - 0% - 60%
2 - 0% - 40%
44 Forward
1 - 0% - 60%
2 - 0% - 40%
44 Defense
1 - 0% - 60%
2 - 0% - 40%
Last Minute Offensive - 0:28
Last Minute Defensive - 0:00
Total
Forward - 60:00
Defense - 60:00
|
% Time on Ice - Thunder
Lines # - Real PCT - Wanted PCT - Time Play
Normal Forward
1 - 34% - 40% - 15:02
2 - 27% - 30% - 11:52
3 - 22% - 20% - 9:32
4 - 17% - 10% - 7:26
Normal Defense
1 - 37% - 40% - 16:25
2 - 32% - 30% - 13:59
3 - 27% - 20% - 11:45
4 - 4% - 10% - 1:43
PP Forward
1 - 58% - 60% - 3:06
2 - 42% - 40% - 2:16
PP Defense
1 - 64% - 60% - 3:26
2 - 36% - 40% - 1:56
PK Forward
1 - 76% - 60% - 8:12
2 - 24% - 40% - 2:34
PK Defense
1 - 57% - 60% - 6:08
2 - 43% - 40% - 4:38
PK3 Forward
1 - 0% - 60%
2 - 0% - 40%
PK3 Defense
1 - 0% - 60%
2 - 0% - 40%
44 Forward
1 - 0% - 60%
2 - 0% - 40%
44 Defense
1 - 0% - 60%
2 - 0% - 40%
Last Minute Offensive - 0:00
Last Minute Defensive - 0:00
Total
Forward - 60:00
Defense - 60:00
|
Play by Play
1st period
0:01 of 1st period - Samuel Pahlsson wins face-off versus Evgeny Grachev in neutral zone.
0:10 of 1st period - Snap shot by Jason Blake.
0:10 of 1st period - Stopped by Corey Crawford without a rebound.
0:11 of 1st period - Tom Pyatt wins face-off versus Matt Cullen in Carnivores zone.
0:27 of 1st period - Minor Penalty to Jeff Finger for Tripping.
0:28 of 1st period - Anton Gustafsson wins face-off versus Samuel Pahlsson in Thunder zone.
0:32 of 1st period - Wrist shot by Andy Miele.
0:32 of 1st period - Stopped by Ben Bishop without a rebound.
0:33 of 1st period - Samuel Pahlsson wins face-off versus Anton Gustafsson in Thunder zone.
1:00 of 1st period - Wrist shot by Manny Malhotra.
1:00 of 1st period - Stopped by Ben Bishop with a rebound.
1:02 of 1st period - Wrist shot by Tim Conboy.
1:02 of 1st period - Goal by Tim Conboy - Carnivores : 1 - Thunder : 0.
1:03 of 1st period - Samuel Pahlsson wins face-off versus Evgeny Grachev in neutral zone.
1:08 of 1st period - Andrew Ference is hit by Samuel Pahlsson and loses puck.
1:13 of 1st period - Slapshot by Alexei Semenov.
1:13 of 1st period - Shot Hit the Post.
1:19 of 1st period - Snap shot by Jason Blake.
1:19 of 1st period - Deflect By Matt D'Agostini.
1:19 of 1st period - Stopped by Corey Crawford with a rebound.
1:55 of 1st period - Snap shot by Tim Conboy.
1:55 of 1st period - Shot Misses the Net.
2:13 of 1st period - Wrist shot by Matt Cullen.
2:13 of 1st period - Stopped by Ben Bishop with a rebound.
2:15 of 1st period - Wrist shot by Manny Malhotra.
2:15 of 1st period - Shot Misses the Net.
2:40 of 1st period - Off-side.
2:41 of 1st period - Samuel Pahlsson wins face-off versus Cal O'Reilly in neutral zone.
3:06 of 1st period - Dany Roussin is hit by Manny Malhotra and loses puck.
3:15 of 1st period - Snap shot by Manny Malhotra.
3:15 of 1st period - Stopped by Ben Bishop with a rebound.
3:37 of 1st period - Wrist shot by Scott Parse.
3:37 of 1st period - Stopped by Corey Crawford without a rebound.
3:38 of 1st period - Evgeny Grachev wins face-off versus Samuel Pahlsson in Carnivores zone.
5:16 of 1st period - Wrist shot by Jason Blake.
5:16 of 1st period - Stopped by Corey Crawford with a rebound.
5:38 of 1st period - Snap shot by Tom Pyatt.
5:38 of 1st period - Stopped by Corey Crawford with a rebound.
6:26 of 1st period - Slapshot by Jason Blake.
6:26 of 1st period - Goal by Jason Blake - Carnivores : 1 - Thunder : 1.
6:27 of 1st period - Andy Miele wins face-off versus Samuel Pahlsson in neutral zone.
6:54 of 1st period - Manny Malhotra is hit by Joey Crabb and loses puck.
7:03 of 1st period - Slapshot by Matt Cullen.
7:03 of 1st period - Shot Misses the Net.
7:43 of 1st period - Wrist shot by Daniel Winnik.
7:43 of 1st period - Shot Misses the Net.
8:07 of 1st period - Snap shot by Jason Blake.
8:07 of 1st period - Stopped by Corey Crawford with a rebound.
8:25 of 1st period - Wrist shot by Blake Geoffrion.
8:25 of 1st period - Stopped by Ben Bishop without a rebound.
8:26 of 1st period - Samuel Pahlsson wins face-off versus Matt Cullen in Thunder zone.
9:57 of 1st period - Wrist shot by Chris Butler.
9:57 of 1st period - Shot Blocked by Ray Macias.
9:59 of 1st period - Slapshot by Josef Melichar.
9:59 of 1st period - Shot Blocked by Ray Macias.
10:01 of 1st period - Slapshot by Josef Melichar.
10:01 of 1st period - Shot Misses the Net.
10:03 of 1st period - Slapshot by Josef Melichar.
10:03 of 1st period - Shot Misses the Net.
10:05 of 1st period - Slapshot by Josef Melichar.
10:05 of 1st period - Deflect By Ray Macias.
10:05 of 1st period - Stopped by Ben Bishop with a rebound.
10:11 of 1st period - Minor Penalty to Daultan Leveillé for Hooking.
10:12 of 1st period - Samuel Pahlsson wins face-off versus Anton Gustafsson in Thunder zone.
10:27 of 1st period - Snap shot by Jeff Tambellini.
10:27 of 1st period - Deflect By Samuel Pahlsson.
10:27 of 1st period - Goal by Jeff Tambellini - Carnivores : 2 - Thunder : 1.
10:28 of 1st period - Samuel Pahlsson wins face-off versus Andy Miele in neutral zone.
10:33 of 1st period - Wrist shot by Jason Blake.
10:33 of 1st period - Stopped by Corey Crawford with a rebound.
10:37 of 1st period - Snap shot by Samuel Pahlsson.
10:37 of 1st period - Goal by Samuel Pahlsson - Carnivores : 2 - Thunder : 2.
10:38 of 1st period - Samuel Pahlsson wins face-off versus Evgeny Grachev in neutral zone.
10:45 of 1st period - Snap shot by Andy Miele.
10:45 of 1st period - Goal by Andy Miele - Carnivores : 3 - Thunder : 2.
10:46 of 1st period - Tom Pyatt wins face-off versus Evgeny Grachev in neutral zone.
10:48 of 1st period - Off-side.
10:49 of 1st period - Evgeny Grachev wins face-off versus Tom Pyatt in neutral zone.
11:47 of 1st period - Backhand shot by Cal O'Reilly.
11:47 of 1st period - Deflect By Tim Conboy.
11:47 of 1st period - Stopped by Ben Bishop with a rebound.
11:49 of 1st period - Wrist shot by Tim Conboy.
11:49 of 1st period - Shot Blocked by Jeff Finger.
12:21 of 1st period - Slapshot by Jeff Tambellini.
12:21 of 1st period - Shot Blocked by Jeff Finger.
12:23 of 1st period - Snap shot by Evgeny Grachev.
12:23 of 1st period - Deflect By Andy Miele.
12:23 of 1st period - Shot Misses the Net.
12:23 of 1st period - Puck is out of play.
12:24 of 1st period - Tom Pyatt wins face-off versus Evgeny Grachev in Thunder zone.
12:33 of 1st period - Wrist shot by Dany Roussin.
12:33 of 1st period - Shot Misses the Net.
12:35 of 1st period - Slapshot by Doug Janik.
12:35 of 1st period - Stopped by Corey Crawford with a rebound.
12:39 of 1st period - Slapshot by Alexei Semenov.
12:39 of 1st period - Stopped by Corey Crawford without a rebound.
12:40 of 1st period - Samuel Pahlsson wins face-off versus Matt Cullen in Carnivores zone.
13:07 of 1st period - Manny Malhotra is hit by Alexei Semenov.
14:31 of 1st period - Josef Melichar is hit by Doug Janik and loses puck.
14:38 of 1st period - Alexei Semenov is hit by Manny Malhotra and loses puck.
15:23 of 1st period - Wrist shot by Daniel Winnik.
15:23 of 1st period - Deflect By Daultan Leveillé.
15:23 of 1st period - Stopped by Corey Crawford with a rebound.
16:17 of 1st period - Keith Aulie is hit by Joey Crabb and loses puck.
16:38 of 1st period - Jason Blake is hit by Anton Gustafsson and loses puck.
17:01 of 1st period - David Schlemko is hit by Derek Peltier and loses puck.
17:06 of 1st period - Wrist shot by Daniel Winnik.
17:06 of 1st period - Shot Misses the Net.
17:08 of 1st period - Slapshot by Derek Peltier.
17:08 of 1st period - Deflect By Jannik Hansen.
17:08 of 1st period - Stopped by Corey Crawford with a rebound.
17:22 of 1st period - Derek Peltier is hit by Jeremy Welsh and loses puck.
17:33 of 1st period - Jeff Finger is hit by Andy Miele.
18:15 of 1st period - David Schlemko is hit by Brandon Mashinter and loses puck.
18:24 of 1st period - Slapshot by Scott Parse.
18:24 of 1st period - Shot Blocked by Tim Conboy.
18:52 of 1st period - Alexei Semenov is hit by Anton Gustafsson.
19:35 of 1st period - Jeff Tambellini is hit by Doug Janik.
19:53 of 1st period - Anton Gustafsson is hit by Tom Pyatt.
Goals for this period are 3 for Carnivores vs 2 for Thunder.
Shots for this period are 10 for Carnivores vs 13 for Thunder.
2nd period
0:01 of 2nd period - Samuel Pahlsson wins face-off versus Evgeny Grachev in neutral zone.
0:04 of 2nd period - Snap shot by Jason Blake.
0:04 of 2nd period - Stopped by Corey Crawford without a rebound.
0:05 of 2nd period - Andy Miele wins face-off versus Matt D'Agostini in Carnivores zone.
0:26 of 2nd period - Minor Penalty to Matt D'Agostini for Hooking.
0:27 of 2nd period - Samuel Pahlsson wins face-off versus Anton Gustafsson in Thunder zone.
2:26 of 2nd period - Penalty to Matt D'Agostini is over, Matt D'Agostini is back on ice.
2:33 of 2nd period - Ray Macias is hit by Chris Lawrence and loses puck.
3:32 of 2nd period - Matt D'Agostini is hit by Blake Geoffrion and loses puck.
4:45 of 2nd period - Evgeny Grachev is hit by Daultan Leveillé and loses puck.
5:05 of 2nd period - Off-side.
5:06 of 2nd period - Cal O'Reilly wins face-off versus Samuel Pahlsson in neutral zone.
5:09 of 2nd period - Doug Janik is hit by Cal O'Reilly and loses puck.
5:36 of 2nd period - Wrist shot by Tom Pyatt.
5:36 of 2nd period - Shot Blocked by Andrew Ference.
5:52 of 2nd period - Wrist shot by Chris Lawrence.
5:52 of 2nd period - Shot Misses the Net.
6:29 of 2nd period - Snap shot by Tim Conboy.
6:29 of 2nd period - Stopped by Ben Bishop with a rebound.
6:43 of 2nd period - Snap shot by Dany Roussin.
6:43 of 2nd period - Shot Misses the Net.
6:45 of 2nd period - Wrist shot by Tom Pyatt.
6:45 of 2nd period - Stopped by Corey Crawford without a rebound.
6:46 of 2nd period - Evgeny Grachev wins face-off versus Tom Pyatt in Carnivores zone.
6:56 of 2nd period - Minor Penalty to Jeff Tambellini for Roughing.
6:57 of 2nd period - Samuel Pahlsson wins face-off versus Anton Gustafsson in Carnivores zone.
8:56 of 2nd period - Penalty to Jeff Tambellini is over, Jeff Tambellini is back on ice.
9:03 of 2nd period - Snap shot by Robin Leblanc.
9:03 of 2nd period - Shot Misses the Net.
9:09 of 2nd period - Snap shot by Scott Parse.
9:09 of 2nd period - Shot Misses the Net.
9:11 of 2nd period - Snap shot by Ray Macias.
9:11 of 2nd period - Shot Blocked by Keith Aulie.
9:47 of 2nd period - Slapshot by Jeremy Welsh.
9:47 of 2nd period - Stopped by Ben Bishop with a rebound.
9:49 of 2nd period - Slapshot by Jordie Benn.
9:49 of 2nd period - Shot Blocked by Samuel Pahlsson.
10:27 of 2nd period - Icing by Jason Blake.
10:28 of 2nd period - Samuel Pahlsson wins face-off versus Evgeny Grachev in Thunder zone.
10:28 of 2nd period - Samuel Pahlsson is hit by Jeff Tambellini.
10:36 of 2nd period - Minor Penalty to Jordie Benn for Cross-checking.
10:37 of 2nd period - Samuel Pahlsson wins face-off versus Anton Gustafsson in Carnivores zone.
11:02 of 2nd period - Joey Crabb is hit by Andy Miele and loses puck.
11:41 of 2nd period - Slapshot by Andy Miele.
11:41 of 2nd period - Deflect By Tim Conboy.
11:41 of 2nd period - Shot Misses the Net.
11:41 of 2nd period - Puck is out of play.
11:42 of 2nd period - Andy Miele wins face-off versus Samuel Pahlsson in Thunder zone.
11:43 of 2nd period - Snap shot by Tim Conboy.
11:43 of 2nd period - Stopped by Ben Bishop with a rebound.
11:45 of 2nd period - Slapshot by Tim Conboy.
11:45 of 2nd period - Shot Misses the Net.
11:47 of 2nd period - Slapshot by Phil Oreskovic.
11:47 of 2nd period - Shot Blocked by Alexei Semenov.
11:49 of 2nd period - Slapshot by Keith Aulie.
11:49 of 2nd period - Shot Blocked by Doug Janik.
11:51 of 2nd period - Slapshot by Andy Miele.
11:51 of 2nd period - Shot Blocked by Matt D'Agostini.
11:53 of 2nd period - Slapshot by Phil Oreskovic.
11:53 of 2nd period - Stopped by Ben Bishop with a rebound.
12:36 of 2nd period - Penalty to Jordie Benn is over, Jordie Benn is back on ice.
13:10 of 2nd period - Scott Parse is hit by Andrew Ference and loses puck.
13:15 of 2nd period - Snap shot by Cal O'Reilly.
13:15 of 2nd period - Shot Misses the Net.
14:05 of 2nd period - David Schlemko is hit by Samuel Pahlsson and loses puck.
15:19 of 2nd period - Bobby Sanguinetti is hit by Derek Peltier and loses puck.
15:53 of 2nd period - Off-side.
15:54 of 2nd period - Evgeny Grachev wins face-off versus Samuel Pahlsson in neutral zone.
16:00 of 2nd period - Minor Penalty to Samuel Pahlsson for Hooking.
16:01 of 2nd period - Scott Parse wins face-off versus Anton Gustafsson in Thunder zone.
16:09 of 2nd period - Jason Blake is hit by Jeff Tambellini and loses puck.
17:49 of 2nd period - Andy Miele is hit by Jeff Finger and loses puck.
18:00 of 2nd period - Penalty to Samuel Pahlsson is over, Samuel Pahlsson is back on ice.
18:23 of 2nd period - Icing by Derek Peltier.
18:24 of 2nd period - Brandon Mashinter wins face-off versus Manny Malhotra in Thunder zone.
18:24 of 2nd period - Brandon Mashinter is hit by Blake Geoffrion.
19:16 of 2nd period - Wrist shot by Chris Lawrence.
19:16 of 2nd period - Stopped by Ben Bishop with a rebound.
19:34 of 2nd period - Wrist shot by Matt Cullen.
19:34 of 2nd period - Deflect By Blake Geoffrion.
19:34 of 2nd period - Shot Blocked by Alexei Semenov.
19:34 of 2nd period - Puck is out of play.
19:35 of 2nd period - Samuel Pahlsson wins face-off versus Jeff Tambellini in Thunder zone.
19:40 of 2nd period - Slapshot by Matt D'Agostini.
19:40 of 2nd period - Shot Hit the Post.
19:42 of 2nd period - Backhand shot by Jason Blake.
19:42 of 2nd period - Shot Misses the Net.
19:44 of 2nd period - Slapshot by Brett Festerling.
19:44 of 2nd period - Deflect By Matt D'Agostini.
19:44 of 2nd period - Stopped by Corey Crawford without a rebound.
19:45 of 2nd period - Evgeny Grachev wins face-off versus Tom Pyatt in Carnivores zone.
19:45 of 2nd period - Evgeny Grachev is hit by Dany Roussin.
Goals for this period are 0 for Carnivores vs 0 for Thunder.
Shots for this period are 5 for Carnivores vs 3 for Thunder.
3rd period
0:01 of 3rd period - Samuel Pahlsson wins face-off versus Evgeny Grachev in neutral zone.
0:10 of 3rd period - Snap shot by Samuel Pahlsson.
0:10 of 3rd period - Stopped by Corey Crawford with a rebound.
0:12 of 3rd period - Wrist shot by Matt D'Agostini.
0:12 of 3rd period - Stopped by Corey Crawford with a rebound.
0:14 of 3rd period - Wrist shot by Samuel Pahlsson.
0:14 of 3rd period - Deflect By Jason Blake.
0:14 of 3rd period - Shot Misses the Net.
0:14 of 3rd period - Puck is out of play.
0:15 of 3rd period - Joey Crabb wins face-off versus Matt Cullen in Carnivores zone.
0:22 of 3rd period - Wrist shot by Matt Cullen.
0:22 of 3rd period - Shot Blocked by Dany Roussin.
0:24 of 3rd period - Slapshot by Andrew Ference.
0:24 of 3rd period - Shot Blocked by Doug Janik.
0:26 of 3rd period - Wrist shot by Andrew Ference.
0:26 of 3rd period - Stopped by Ben Bishop without a rebound.
0:27 of 3rd period - Samuel Pahlsson wins face-off versus Evgeny Grachev in Thunder zone.
0:27 of 3rd period - Samuel Pahlsson is hit by Andrew Ference.
0:36 of 3rd period - Minor Penalty to Evgeny Grachev for High sticking.
0:37 of 3rd period - Samuel Pahlsson wins face-off versus Anton Gustafsson in Carnivores zone.
0:39 of 3rd period - Snap shot by Samuel Pahlsson.
0:39 of 3rd period - Stopped by Corey Crawford with a rebound.
0:41 of 3rd period - Backhand shot by Alexei Semenov.
0:41 of 3rd period - Stopped by Corey Crawford with a rebound.
0:49 of 3rd period - Snap shot by Jason Blake.
0:49 of 3rd period - Shot Misses the Net.
0:51 of 3rd period - Snap shot by Samuel Pahlsson.
0:51 of 3rd period - Stopped by Corey Crawford with a rebound.
1:07 of 3rd period - Off-side.
1:08 of 3rd period - Andy Miele wins face-off versus Samuel Pahlsson in neutral zone.
1:13 of 3rd period - Wrist shot by Andy Miele.
1:13 of 3rd period - Deflect By Tim Conboy.
1:13 of 3rd period - Stopped by Ben Bishop without a rebound.
1:14 of 3rd period - Samuel Pahlsson wins face-off versus Andy Miele in Thunder zone.
1:22 of 3rd period - Tim Conboy is hit by Matt D'Agostini and loses puck.
1:44 of 3rd period - Off-side.
1:45 of 3rd period - Samuel Pahlsson wins face-off versus Anton Gustafsson in neutral zone.
1:58 of 3rd period - Snap shot by Samuel Pahlsson.
1:58 of 3rd period - Shot Misses the Net.
2:00 of 3rd period - Slapshot by Jason Blake.
2:00 of 3rd period - Goal by Jason Blake - Carnivores : 3 - Thunder : 3.
2:01 of 3rd period - Matt D'Agostini wins face-off versus Evgeny Grachev in neutral zone.
2:11 of 3rd period - Slapshot by Doug Janik.
2:11 of 3rd period - Stopped by Corey Crawford without a rebound.
2:12 of 3rd period - Samuel Pahlsson wins face-off versus Evgeny Grachev in Carnivores zone.
2:21 of 3rd period - Andy Miele is hit by Matt D'Agostini and loses puck.
2:38 of 3rd period - Andrew Ference is hit by Alexei Semenov.
2:44 of 3rd period - Wrist shot by Dany Roussin.
2:44 of 3rd period - Shot Blocked by Blake Geoffrion.
3:06 of 3rd period - Snap shot by Robin Leblanc.
3:06 of 3rd period - Stopped by Corey Crawford with a rebound.
3:08 of 3rd period - Slapshot by Ray Macias.
3:08 of 3rd period - Stopped by Corey Crawford without a rebound.
3:09 of 3rd period - Samuel Pahlsson wins face-off versus Evgeny Grachev in Carnivores zone.
3:10 of 3rd period - Snap shot by Jason Blake.
3:10 of 3rd period - Shot Misses the Net.
3:12 of 3rd period - Slapshot by Samuel Pahlsson.
3:12 of 3rd period - Shot Misses the Net.
3:20 of 3rd period - Ray Macias is hit by Andy Miele and loses puck.
3:34 of 3rd period - Off-side.
3:35 of 3rd period - Matt Cullen wins face-off versus Tom Pyatt in neutral zone.
4:00 of 3rd period - Matt D'Agostini is hit by Evgeny Grachev and loses puck.
4:11 of 3rd period - Snap shot by Jeff Tambellini.
4:11 of 3rd period - Stopped by Ben Bishop without a rebound.
4:12 of 3rd period - Tom Pyatt wins face-off versus Cal O'Reilly in Thunder zone.
4:59 of 3rd period - Snap shot by Robin Leblanc.
4:59 of 3rd period - Stopped by Corey Crawford with a rebound.
5:01 of 3rd period - Wrist shot by Robin Leblanc.
5:01 of 3rd period - Stopped by Corey Crawford with a rebound.
5:03 of 3rd period - Snap shot by Alexei Semenov.
5:03 of 3rd period - Shot Misses the Net.
5:19 of 3rd period - Manny Malhotra is hit by Alexei Semenov and loses puck.
5:34 of 3rd period - Manny Malhotra is hit by Doug Janik and loses puck.
6:12 of 3rd period - Josef Melichar is hit by Brett Festerling.
6:30 of 3rd period - Snap shot by Manny Malhotra.
6:30 of 3rd period - Shot Blocked by Jeff Finger.
6:32 of 3rd period - Backhand shot by Chris Butler.
6:32 of 3rd period - Shot Blocked by Derek Peltier.
6:34 of 3rd period - Slapshot by Manny Malhotra.
6:34 of 3rd period - Stopped by Ben Bishop with a rebound.
6:36 of 3rd period - Wrist shot by Blake Geoffrion.
6:36 of 3rd period - Deflect By Matt Cullen.
6:36 of 3rd period - Shot Blocked by Derek Peltier.
6:36 of 3rd period - Puck is out of play.
6:37 of 3rd period - Samuel Pahlsson wins face-off versus Evgeny Grachev in Thunder zone.
7:10 of 3rd period - Tom Pyatt is hit by Keith Aulie and loses puck.
7:29 of 3rd period - Wrist shot by Chris Lawrence.
7:29 of 3rd period - Shot Blocked by Scott Parse.
7:31 of 3rd period - Slapshot by Keith Aulie.
7:31 of 3rd period - Shot Blocked by Doug Janik.
7:33 of 3rd period - Slapshot by Keith Aulie.
7:33 of 3rd period - Stopped by Ben Bishop with a rebound.
7:41 of 3rd period - Minor Penalty to Robin Leblanc for Roughing.
7:42 of 3rd period - Anton Gustafsson wins face-off versus Samuel Pahlsson in Thunder zone.
9:41 of 3rd period - Penalty to Robin Leblanc is over, Robin Leblanc is back on ice.
9:46 of 3rd period - Snap shot by Scott Parse.
9:46 of 3rd period - Stopped by Corey Crawford with a rebound.
10:00 of 3rd period - Wrist shot by Jannik Hansen.
10:00 of 3rd period - Stopped by Corey Crawford without a rebound.
10:01 of 3rd period - Evgeny Grachev wins face-off versus Jannik Hansen in Carnivores zone.
10:08 of 3rd period - Slapshot by Jannik Hansen.
10:08 of 3rd period - Deflect By Daniel Winnik.
10:08 of 3rd period - Shot Misses the Net.
10:08 of 3rd period - Puck is out of play.
10:09 of 3rd period - Samuel Pahlsson wins face-off versus Evgeny Grachev in Carnivores zone.
10:45 of 3rd period - Snap shot by Derek Peltier.
10:45 of 3rd period - Deflect By Tom Pyatt.
10:45 of 3rd period - Stopped by Corey Crawford with a rebound.
10:55 of 3rd period - Alexei Semenov is hit by Keith Aulie and loses puck.
11:06 of 3rd period - Brandon Mashinter is hit by Cal O'Reilly and loses puck.
12:04 of 3rd period - Phil Oreskovic is hit by Jeff Finger and loses puck.
12:13 of 3rd period - Slapshot by Jeff Finger.
12:13 of 3rd period - Deflect By Matt Cullen.
12:13 of 3rd period - Stopped by Corey Crawford with a rebound.
12:27 of 3rd period - Wrist shot by Jeff Tambellini.
12:27 of 3rd period - Stopped by Ben Bishop with a rebound.
12:29 of 3rd period - Snap shot by Evgeny Grachev.
12:29 of 3rd period - Stopped by Ben Bishop with a rebound.
12:31 of 3rd period - Snap shot by Andy Miele.
12:31 of 3rd period - Stopped by Ben Bishop with a rebound.
12:33 of 3rd period - Snap shot by Evgeny Grachev.
12:33 of 3rd period - Shot Misses the Net.
12:39 of 3rd period - Minor Penalty to Derek Peltier for Slashing.
12:40 of 3rd period - Samuel Pahlsson wins face-off versus Anton Gustafsson in Thunder zone.
12:49 of 3rd period - Snap shot by Andy Miele.
12:49 of 3rd period - Shot Misses the Net.
12:51 of 3rd period - Wrist shot by Andy Miele.
12:51 of 3rd period - Shot Misses the Net.
12:53 of 3rd period - Wrist shot by Andrew Ference.
12:53 of 3rd period - Stopped by Ben Bishop with a rebound.
12:55 of 3rd period - Slapshot by Anton Gustafsson.
12:55 of 3rd period - Stopped by Ben Bishop with a rebound.
13:23 of 3rd period - Jeff Finger is hit by Tim Conboy and loses puck.
14:30 of 3rd period - Wrist shot by Daniel Winnik.
14:30 of 3rd period - Shot Misses the Net.
14:39 of 3rd period - Penalty to Derek Peltier is over, Derek Peltier is back on ice.
14:54 of 3rd period - Snap shot by Scott Parse.
14:54 of 3rd period - Deflect By Derek Peltier.
14:54 of 3rd period - Deflect By Josef Melichar.
14:54 of 3rd period - Stopped by Corey Crawford with a rebound.
15:28 of 3rd period - Wrist shot by Scott Parse.
15:28 of 3rd period - Shot Blocked by Chris Lawrence.
15:30 of 3rd period - Slapshot by Daniel Winnik.
15:30 of 3rd period - Shot Misses the Net.
15:52 of 3rd period - Slapshot by Daniel Winnik.
15:52 of 3rd period - Shot Blocked by Billy Sweat.
15:54 of 3rd period - Snap shot by Scott Parse.
15:54 of 3rd period - Shot Misses the Net.
15:56 of 3rd period - Slapshot by Jeff Finger.
15:56 of 3rd period - Deflect By Daniel Winnik.
15:56 of 3rd period - Goal by Daniel Winnik - Carnivores : 3 - Thunder : 4.
15:57 of 3rd period - Samuel Pahlsson wins face-off versus Evgeny Grachev in neutral zone.
16:00 of 3rd period - Slapshot by Doug Janik.
16:00 of 3rd period - Shot Blocked by Bobby Sanguinetti.
16:06 of 3rd period - Slapshot by Bobby Sanguinetti.
16:06 of 3rd period - Shot Blocked by Alexei Semenov.
16:08 of 3rd period - Slapshot by Jeff Tambellini.
16:08 of 3rd period - Stopped by Ben Bishop with a rebound.
16:10 of 3rd period - Wrist shot by Andy Miele.
16:10 of 3rd period - Shot Misses the Net.
16:12 of 3rd period - Slapshot by Evgeny Grachev.
16:12 of 3rd period - Stopped by Ben Bishop with a rebound.
16:22 of 3rd period - Manny Malhotra is hit by Tom Pyatt and loses puck.
17:31 of 3rd period - Minor Penalty to Robin Leblanc for Holding.
17:32 of 3rd period - Anton Gustafsson wins face-off versus Samuel Pahlsson in Thunder zone.
17:35 of 3rd period - Wrist shot by Andy Miele.
17:35 of 3rd period - Stopped by Ben Bishop with a rebound.
17:45 of 3rd period - Snap shot by Andy Miele.
17:45 of 3rd period - Stopped by Ben Bishop without a rebound.
17:46 of 3rd period - Samuel Pahlsson wins face-off versus Anton Gustafsson in Thunder zone.
18:01 of 3rd period - Wrist shot by Andy Miele.
18:01 of 3rd period - Shot Misses the Net.
18:11 of 3rd period - Jason Blake is hit by Tim Conboy and loses puck.
18:24 of 3rd period - Keith Aulie is hit by Jeff Finger and loses puck.
18:31 of 3rd period - Wrist shot by Tom Pyatt.
18:31 of 3rd period - Shot Blocked by Tim Conboy.
19:31 of 3rd period - Penalty to Robin Leblanc is over, Robin Leblanc is back on ice.
19:47 of 3rd period - Tom Pyatt is hit by Jeff Tambellini and loses puck.
19:54 of 3rd period - Carnivores, Corey Crawford is pulled from the net.
19:58 of 3rd period - Slapshot by Andy Miele.
19:58 of 3rd period - Stopped by Ben Bishop with a rebound.
Goals for this period are 0 for Carnivores vs 2 for Thunder.
Shots for this period are 15 for Carnivores vs 17 for Thunder.
Output by the SimonT Hockey Simulator (STHS) for François Prévost -- Original Page W3C XHTML 1.0 Valid